 Dungeon Crawl Stone Soup version 0.24.0-123-gd5b16e6ec5 (webtiles) character file.

Game seed: 5018729824886490511, levelgen mode: deterministic

13493 Bergy the Basher (level 12, 0/71 HPs)
             Began as a Gargoyle Fighter on Dec 29, 2019.
             Was an Elder of Makhleb.
             Killed from afar by Azrael (18 damage)
             ... with damnation
             ... on level 1 of the Orcish Mines.
             The game lasted 00:37:52 (10545 turns).

Bergy the Basher (Gargoyle Fighter)                Turns: 10545, Time: 00:37:53

Health: 0/71       AC: 34    Str: 25      XL:     12   Next: 6%
Magic:  12/12      EV:  7    Int:  8 (9)  God:    Makhleb [****..]
Gold:   1008       SH: 12    Dex:  9      Spells: 11/11 levels left

rFire    + . .     SeeInvis +   x - +3 flail (protect)
rCold    . . .     Gourm    .   c - +0 shield
rNeg     + . .     Faith    .   C - +3 chain mail
rPois    ∞         Spirit   .   D - +2 hat {SInv}
rElec    +         Reflect  .   g - +2 cloak
rCorr    .         Harm     .   (no gloves)
MR       +....                  (no boots)
Stlth    ..........             (no amulet)
HPRegen  0.21/turn              w - ring of protection from fire
MPRegen  0.13/turn              m - ring of protection from magic

@: protection aura
A: negative energy resistance 1, electricity resistance, unbreathing,
petrification resistance, rot immunity, AC +8
a: Minor Destruction, Lesser Servant of Makhleb, Major Destruction, Renounce
Religion


You were on level 1 of the Orcish Mines.
You worshipped Makhleb.
Makhleb was greatly pleased with you.
You were not hungry.

You visited 2 branches of the dungeon, and saw 11 of its levels.

You collected 1008 gold pieces.

Inventory:

Hand Weapons
 h - a +4 flail
 x - a +3 flail of protection (weapon)
Armour
 c - a +0 shield (worn)
 g - a +2 cloak (worn)
 r - a +0 large shield
 A - a +0 plate armour
 C - a +3 chain mail (worn)
 D - a +2 hat of see invisible (worn)
Jewellery
 m - a ring of protection from magic (right hand)
 w - a ring of protection from fire (left hand)
Wands
 b - a wand of flame (29)
 e - a wand of disintegration (11)
 t - a wand of iceblast (11)
Scrolls
 i - 2 scrolls of enchant armour
 p - 2 scrolls of teleportation
 u - 2 scrolls of remove curse
 v - a scroll of brand weapon {unknown}
 y - a scroll of fear {unknown}
 z - a scroll of immolation {unknown}
Potions
 a - a potion of cancellation {unknown}
 j - 2 potions of curing
 l - a potion of brilliance {unknown}
 o - 3 potions of haste
 q - a potion of ambrosia {unknown}
 s - a potion of berserk rage {unknown}
Comestibles
 f - 18 rations


   Skills:
 + Level 6.9 Fighting
 - Level 14.2 Maces & Flails
 + Level 7.6 Armour
 * Level 10.3 Shields


You had 11 spell levels left.
You didn't know any spells.
Your spell library was empty.

Dungeon Overview and Level Annotations

Branches:
Dungeon (9/15)             Temple (0/1) D:5             Orc (2/2) D:9
    Elf (0/3) Orc:2
   Lair: D:8-11

Altars:
Ashenzari
Cheibriados
Dithmenos
Elyvilon
Fedhas
Gozag
Kikubaaqudgha
Makhleb
Okawaru
Qazlal
Ru
Trog
Yredelemnul

Shops:
Orc:2 *

Annotations:
Orc:1 Azrael


Innate Abilities, Weirdness & Mutations

You are resistant to torment.
Your stone body is resilient. (AC +8)
You are immune to poison.
You resist negative energy. (rN+)
You are resistant to electric shocks. (rElec)
You can survive without breathing.
You are immune to petrification.
You are immune to rotting.


Message History

Azrael hits you with a +1 scimitar of flaming!
* * * LOW HITPOINT WARNING * * *
Azrael burns you.
* * * LOW HITPOINT WARNING * * *
You sock Azrael!
Azrael is almost dead.
Azrael barely misses you.
You sock Azrael!
Azrael is almost dead.
You feel better. Azrael hits you but does no damage.
Your chain mail prevents you from hitting Azrael.
Azrael is almost dead.
You block Azrael's attack.
You hit Azrael but do no damage.
Azrael is almost dead.
You barely miss Azrael.
Azrael is almost dead.
Azrael gestures at you.
The sphere of damnation explodes!
The damnation engulfs you!!
You die...

########.#.###.###
##.##.#......#....##
##..................###
.##.##..............#.##
......##...........#...##
.......#...#........#...#
.......#...#.......##..##
#..#..^#.......††......#
.......##.......@...#.##
#.........#.#...R....##
###...............#..##
##.............#....#
##.......#.........#
####.........#...##
##.##.....##...#
##<..##...####.##
##)#.####.## ###


You could see Azrael.

Vanquished Creatures
  Gastronok (D:9)
  Erolcha (D:9)
  A centaur warrior (D:9)
  2 two-headed ogres
  An orc high priest (Orc:1)
  An orc sorcerer (Orc:2)
  A queen bee (D:8)
  A hornet (D:9)
  3 hippogriffs
  3 fire elementals
  A hungry ghost (D:9)
  3 wargs (Orc:1)
  Edmund (D:6)
  3 hell hounds (Orc:1)
  A water moccasin (D:4)
  3 ice beasts
  2 sky beasts
  A black bear (D:8)
  5 orc warriors
  A phantom (D:4)
  3 ogres (D:9)
  6 necrophages
  5 centaurs
  A crocodile (D:6)
  5 bullfrogs
  A water moccasin skeleton (D:9)
  5 scorpions
  18 killer bees (D:8)
  11 wights
  5 electric eels (D:9)
  2 howler monkeys (D:7)
  4 crimson imps
  A bullfrog zombie (D:9)
  A centaur zombie (D:9)
  A quasit (D:8)
  5 hounds
  A jelly (D:3)
  3 orc priests
  A gnoll shaman (D:5)
  A centaur skeleton (D:4)
  3 iguanas
  2 bullfrog skeletons (D:9)
  10 orc wizards
  Ijyb (D:3)
  7 worker ants
  A killer bee zombie (D:9)
  2 hound zombies
  A howler monkey zombie (D:7)
  A worker ant zombie (D:9)
  4 gnolls (D:5)
  2 howler monkey skeletons
  15 adders
  2 shadow imps
  2 adder skeletons (D:9)
  5 worms
  4 dart slugs
  4 leopard geckos
  22 orcs
  A ball python (D:6)
  7 bats
  5 giant cockroaches
  3 goblins (D:2)
  8 hobgoblins
  10 jackals
  6 kobolds
  3 quokkas
  A ball python skeleton (D:5)
  7 frilled lizards
  A leopard gecko zombie (D:9)
  10 rats
266 creatures vanquished.

Vanquished Creatures (others)
  5 toadstools (D:1)
  A withered plant (D:9)
6 creatures vanquished.

Grand Total: 272 creatures vanquished

Notes
Turn   | Place    | Note
-------+----------+-------------------------------------------
     0 | D:1      | Bergy the Gargoyle Fighter began the quest for the Orb.
     0 | D:1      | Reached XP level 1. HP: 14/14 MP: 1/1
   243 | D:1      | Reached XP level 2. HP: 19/19 MP: 2/2
   393 | D:1      | Reached skill level 3 in Maces & Flails
   797 | D:2      | Reached XP level 3. HP: 21/23 MP: 3/3
  1021 | D:2      | Reached skill level 4 in Maces & Flails
  1077 | D:2      | Reached XP level 4. HP: 25/28 MP: 4/4
  1095 | D:2      | Found a stormy altar of Qazlal.
  1266 | D:2      | Found an iron altar of Okawaru.
  1297 | D:2      | Found a snail-covered altar of Cheibriados.
  1582 | D:3      | Noticed Ijyb
  1609 | D:3      | Killed Ijyb
  1609 | D:3      | Reached skill level 5 in Maces & Flails
  1609 | D:3      | Reached XP level 5. HP: 28/32 MP: 5/5
  1660 | D:3      | Found a burning altar of Makhleb.
  1663 | D:3      | Noticed a hungry ghost
  1678 | D:3      | Found a transporter.
  1693 | D:3      | Found a transporter.
  2176 | D:3      | Became a worshipper of Makhleb the Destroyer
  2368 | D:4      | Reached skill level 6 in Maces & Flails
  2440 | D:4      | Reached XP level 6. HP: 33/37 MP: 6/6
  2484 | D:4      | Found an opulent altar of Gozag.
  2655 | D:4      | Found a blossoming altar of Fedhas.
  2673 | D:4      | Noticed a phantom
  2688 | D:4      | Reached skill level 7 in Maces & Flails
  2688 | D:4      | Reached XP level 7. HP: 31/41 MP: 7/7
  2694 | D:4      | Reached * piety under Makhleb
  2816 | D:4      | Found a basalt altar of Yredelemnul.
  2909 | D:4      | Reached skill level 8 in Maces & Flails
  2974 | D:5      | Entered Level 5 of the Dungeon
  3616 | D:5      | Found a staircase to the Ecumenical Temple.
  3633 | D:5      | Reached skill level 9 in Maces & Flails
  3633 | D:5      | Reached XP level 8. HP: 46/46 MP: 8/8
  3893 | D:5      | Found a white marble altar of Elyvilon.
  3893 | D:5      | Found an ancient bone altar of Kikubaaqudgha.
  4048 | D:5      | Found a sacrificial altar of Ru.
  4266 | D:6      | Found a shattered altar of Ashenzari.
  4594 | D:6      | Reached skill level 10 in Maces & Flails
  4600 | D:6      | Noticed Edmund
  4612 | D:6      | Killed Edmund
  5023 | D:6      | Reached skill level 11 in Maces & Flails
  5196 | D:7      | Reached XP level 9. HP: 47/51 MP: 9/9
  5303 | D:7      | Reached ** piety under Makhleb
  5876 | D:7      | Reached skill level 12 in Maces & Flails
  6899 | D:8      | Reached skill level 13 in Maces & Flails
  6981 | D:8      | Reached XP level 10. HP: 46/56 MP: 10/10
  7267 | D:8      | Noticed a two-headed ogre
  7284 | D:8      | Killed a two-headed ogre
  7284 | D:8      | Reached skill level 14 in Maces & Flails
  7971 | D:9      | Found a staircase to the Orcish Mines.
  8136 | D:9      | Found a shadowy altar of Dithmenos.
  8384 | D:9      | Reached skill level 5 in Shields
  8439 | D:9      | Noticed a moth of wrath
  8442 | D:9      | Found a bloodstained altar of Trog.
  8516 | D:9      | Noticed Gastronok
  8521 | D:9      | Reached *** piety under Makhleb
  8558 | D:9      | Killed Gastronok
  8558 | D:9      | Reached skill level 5 in Fighting
  8558 | D:9      | Reached XP level 11. HP: 45/63 MP: 11/11
  8609 | D:9      | Noticed a centaur warrior
  8615 | D:9      | Noticed a two-headed ogre
  8627 | D:9      | Killed a two-headed ogre
  8653 | D:9      | Killed a centaur warrior
  8863 | D:9      | Got an ichor-stained cloak
  8874 | D:9      | Identified the -4 cloak of the Accordion {rC+ Str+3 Stlth-}
                  | (You found it on level 9 of the Dungeon)
  9153 | D:9      | Reached **** piety under Makhleb
  9248 | D:9      | Noticed Erolcha
  9320 | D:9      | Killed Erolcha
  9736 | Orc:1    | Entered Level 1 of the Orcish Mines
  9898 | Orc:2    | Entered Level 2 of the Orcish Mines
  9898 | Orc:2    | Found Fiaq Hui's Assorted Antiques.
  9898 | Orc:2    | Noticed an orc high priest
  9953 | Orc:1    | Killed an orc high priest
 10052 | Orc:2    | Noticed an orc sorcerer
 10070 | Orc:2    | Killed an orc sorcerer
 10070 | Orc:2    | Reached skill level 10 in Shields
 10165 | Orc:2    | Found a staircase to the Elven Halls.
 10303 | Orc:2    | Reached XP level 12. HP: 70/71 MP: 12/12
 10304 | Orc:2    | Noticed Azrael
 10545 | Orc:1    | Killed from afar by Azrael

Levels and vault maps discovered:
D:1:      ldierk_walled_garden, layout_basic, minmay_misc_feat_doors,
          minmay_misc_feat_encased
D:2:      layout_rooms, kennysheep_slug_shrine, okawaru_gym_becter,
          grunt_qazlal_sundering
D:3:      layout_loops_ring, gammafunk_temple_overflow_arena, first_ration,
          uniq_ijyb
D:4:      layout_basic, yredelemnul_altar_generic, overflow_temple_1_default,
          fedhas_bush_and_centaur_altar
D:5:      layout_cave_pools, gammafunk_temple_overflow_statue,
          nicolae_ru_the_path_less_chosen, minmay_temple_entry_glass,
          kennysheep_generic_room_5
D:6:      minmay_chambers_of_fours, layout_loops_ring,
          cheibrodos_ashenzari_chains, minmay_holes, uniq_edmund
D:7:      layout_loops_ring, minmay_manual_monstrance
D:8:      layout_loops_corners, david_nohive_1, minivault_24
D:9:      hangedman_cross_stitches, layout_basic, tgw_trog,
          kennysheep_little_box, orc_0_dummy, serial_undead, serial_undead_c,
          serial_undead_a, serial_undead_d, serial_undead_d, uniq_gastronok,
          uniq_erolcha
Orc:1:    layout_caves, ebering_ghost_gozag, special_room [special_room_orc]
Orc:2:    st_orc_elflike, layout_caves, basic_altar, serial_shops, shop_coins,
          uniq_azrael

Skill      XL: |  1  2  3  4  5  6  7  8  9 10 11 |
---------------+----------------------------------+-----
Maces & Flails | 3 4 5 6 7 9 11 13 14 | 14.2
Shields        | 6 10 | 10.3
Armour         | 6 7 |  7.6
Fighting       | 5 6 |  6.9

Action                   |  1- 3 |  4- 6 |  7- 9 | 10-12 || total
-------------------------+-------+-------+-------+-------++-------
Melee: Flail             |   146 |   190 |   449 |   608 ||  1393
  Use: Scroll            |       |     5 |     6 |     3 ||    14
       Potion            |       |     3 |     1 |     9 ||    13
  Eat: Chunk             |     1 |     3 |    10 |     7 ||    21
       Ration            |       |     1 |     2 |     1 ||     4
Armor: Scale mail        |    96 |    82 |   102 |       ||   280
       Chain mail        |       |       |   108 |   334 ||   442
Dodge: Dodged            |    58 |    48 |    87 |   136 ||   329
Block: Shield            |    97 |   107 |   178 |   272 ||   654
